 Dungeon Crawl Stone Soup version 0.29.1-4-g47bece8355 (webtiles) character file.

Game seed: 3904776488625459463

221 GorkyZ the Twirler (level 5, -2/32 HPs)
             Began as a Gargoyle Gladiator on Dec 5, 2022.
             Slain by an orc
             ... wielding a +0 flail
              (6 damage)
             ... on level 3 of the Dungeon.
             The game lasted 00:04:35 (2552 turns).

GorkyZ the Twirler (Gargoyle Gladiator)             Turns: 2552, Time: 00:04:36

Health: -2/32      AC: 15    Str: 20    XL:     5   Next: 98%
Magic:  5/5        EV:  8    Int:  8    God:
Gold:   152        SH:  0    Dex: 11    Spells: 4/4 levels left

rFire   . . .      SeeInvis .   a - +0 quarterstaff
rCold   . . .      Faith    .   (shield currently unavailable)
rNeg    + . .      Spirit   .   m - +0 chain mail
rPois   ∞          Reflect  .   c - +1 helmet
rElec   +          Harm     .   p - +0 cloak
rCorr   .          Rampage  .   (no gloves)
Will    .....                   (no boots)
Stlth   ..........              (no amulet)
HPRegen 0.10/turn               (no ring)
MPRegen 0.09/turn               (no ring)

@: no status effects
A: sickness immunity, AC +4, negative energy resistance 1, electricity
resistance, torment resistance 1, petrification resistance
a: no special abilities


You were on level 3 of the Dungeon.
You visited 1 branch of the dungeon, and saw 3 of its levels.

You collected 152 gold pieces.

Inventory:

Hand Weapons
 a - a +0 quarterstaff (weapon)
 k - a +0 vorpal spear
Missiles
 d - 3 throwing nets (quivered)
 e - a javelin
 f - 2 boomerangs
 h - 8 poisoned darts
Armour
 b - a +0 leather armour
 c - a +1 helmet (worn)
 m - a +0 chain mail (worn)
 p - a +0 cloak (worn)
 q - a scarf of repulsion
Jewellery
 i - an amulet of guardian spirit
 t - a +6 ring of strength
Wands
 s - a wand of flame (15)
Scrolls
 n - a scroll of enchant armour
 r - a scroll of identify
Potions
 g - 2 potions of might
 j - a potion of mutation
 l - a potion of berserk rage {unknown}
 o - a potion of curing {unknown}


   Skills:
 + Level 3.0 Fighting
 + Level 1.5 Axes
 + Level 3.6 Staves
 + Level 2.5 Throwing
 + Level 1.7 Armour
 + Level 2.8 Dodging
 + Level 1.8 Shields
 + Level 1.4 Evocations


You had 4 spell levels left.
You didn't know any spells.
Your spell library contained the following spells:

 Spells                   Type           Power      Damage    Failure   Level
 Magic Dart               Conj           0%         1d3       99%         1
 Call Imp                 Summ           0%         N/A       100%        2
 Mephitic Cloud           Conj/Pois/Air  0%         N/A       100%        3


Dungeon Overview and Level Annotations

Branches:
Dungeon (3/15)

Altars:


Innate Abilities, Weirdness & Mutations

You are immune to sickness and miasma.
Your stone body is resilient. (AC +4)
You are immune to poison.
You resist negative energy. (rN+)
You are resistant to electric shocks. (rElec)
You are resistant to unholy torment.
You are immune to petrification.


Message History

You are too injured to fight recklessly!
You are too injured to fight recklessly!
You are too injured to fight recklessly!
You are too injured to fight recklessly!
You are too injured to fight recklessly!
You are too injured to fight recklessly!
You are too injured to fight recklessly!
You closely miss the orc wizard.
The orc wizard is moderately wounded.
The orc wizard closely misses you. The orc completely misses you.
The rat barely misses you. The orc hits you but does no damage.
You miss the orc wizard.
The orc wizard is moderately wounded.
The orc hits you but does no damage.
The orc wizard hits you but does no damage.
The rat bites you but does no damage. The orc hits you but does no damage.
You closely miss the orc wizard.
The orc wizard is moderately wounded.
The orc hits you with a +0 short sword. The orc hits you but does no damage.
The rat bites you but does no damage. The orc wizard barely misses you.
You closely miss the orc wizard.
The orc wizard is moderately wounded.
The orc hits you but does no damage. The orc hits you with a +0 flail.
The rat barely misses you. The orc wizard completely misses you.
You barely miss the orc wizard.
The orc wizard is moderately wounded.
The orc wizard closely misses you. The orc hits you but does no damage.
The rat bites you.
* * * LOW HITPOINT WARNING * * *
The orc barely misses you.
You barely miss the orc wizard.
The orc wizard is moderately wounded.
The orc hits you but does no damage. The rat barely misses you.
The orc hits you with a +0 flail.
* * * LOW HITPOINT WARNING * * *
The orc wizard hits you but does no damage.
You closely miss the orc wizard.
The orc wizard is moderately wounded.
The orc hits you but does no damage. The orc hits you with a +0 flail.
You die...

#.. .|.....##
##...###.##### .#..
#.# ...## #...# ....
# #.b## . .#
#oro###### # ...
#o@......##########
..
#...####...........
#.#..## #........
#....########.#######
##............)...#
################.###
#.... #####


You could see an orc wizard, 2 orcs, a bat and a rat.

Vanquished Creatures
  Terence (D:3)
  Natasha (thrice) (D:3)
  An orc wizard (D:3)
  3 adders
  4 dart slugs
  An orc (D:3)
  5 endoplasms
  3 giant cockroaches
  A goblin (D:1)
  10 hobgoblins
  4 jackals (D:1)
  2 quokkas
  2 ball pythons
  6 bats
  2 frilled lizards (D:1)
  6 kobolds
  10 rats
64 creatures vanquished.

Notes
Turn   | Place    | Note
-------+----------+-------------------------------------------
     0 | D:1      | GorkyZ the Gargoyle Gladiator began the quest for the Orb.
     0 | D:1      | Reached XP level 1. HP: 12/12 MP: 1/1
    35 | D:1      | Reached XP level 2. HP: 14/17 MP: 2/2
   640 | D:1      | Reached XP level 3. HP: 19/22 MP: 3/3
   802 | D:1      | Found a faded altar of an unknown god.
  1028 | D:2      | Reached skill level 1 in Shields
  1131 | D:2      | Reached skill level 1 in Armour
  1383 | D:2      | Reached XP level 4. HP: 27/27 MP: 4/4
  1876 | D:3      | Noticed Natasha
  1881 | D:3      | Killed Natasha
  1882 | D:3      | Reached skill level 1 in Evocations
  1885 | D:3      | Reached skill level 1 in Axes
  1932 | D:3      | Noticed Terence
  1947 | D:3      | Killed Terence
  1948 | D:3      | Reached XP level 5. HP: 30/32 MP: 5/5
  2011 | D:3      | Noticed Natasha
  2021 | D:3      | Killed Natasha
  2076 | D:3      | Noticed Natasha
  2093 | D:3      | Killed Natasha
  2352 | D:3      | Identified the +2 ring mail of Gallantry {Drain Fly Str+8
                  | Dex-5}
  2552 | D:3      | Slain by an orc

Illustrated notes

Levels and vault maps discovered:
D:1:      lemuel_arrival_river_bridge, layout_basic,
          dreamdust_ecumenical_altar_angels_and_demons,
          hangedman_feature_mirror, corexii_leaking_fountain
D:2:      layout_loops_cross, minmay_tiny_reverse_x
D:3:      layout_loops_ring, minmay_close_crescents, uniq_terence,
          uniq_crazy_yiuf_cottage, uniq_natasha

Skill      XL: |  1  2  3  4  5 |
---------------+----------------+-----
Throwing       | 2 |  2.5
Shields        | 1 |  1.8
Armour         | 1 |  1.7
Evocations     | 1 |  1.4
Axes           | 1 |  1.5
Fighting       | 3 |  3.0
Staves         | |  3.6
Dodging        | |  2.8

Action                   |  1- 3 |  4- 6 || total
-------------------------+-------+-------++-------
Melee: Quarterstaff      |   117 |    96 ||   213
  Use: Scroll            |       |     4 ||     4
Armor: Leather armour    |    39 |       ||    39
       Chain mail        |    22 |    89 ||   111
Dodge: Dodged            |    83 |    47 ||   130
